 Dungeon Crawl Stone Soup version 0.24-a0-715-g0b739ee41d (webtiles) character file.

Game seed: 2852911277776866664, levelgen mode: deterministic

153608 Peloso the Hoplite (level 17, -9/154 HPs)
             Began as a Minotaur Fighter on Sept 30, 2019.
             Was an Initiate of Gozag.
             Mangled by a frost giant
             ... wielding a +2 battleaxe of freezing
              (13 damage)
             ... on level 4 of the Shoals.
             The game lasted 01:42:16 (34260 turns).

Peloso the Hoplite (Minotaur Fighter)              Turns: 34260, Time: 01:42:16

Health: -9/154     AC: 33    Str: 37    XL:     17   Next: 5%
Magic:  17/17      EV: 15    Int:  9    God:    Gozag
Gold:   1355       SH: 29    Dex: 16    Spells: 16/16 levels left

rFire    . . .     SeeInvis .   a - +4 scimitar (flame)
rCold    x . .     Gourm    .   c - +2 large shield {AC+3}
rNeg     + + +     Faith    .   R - +5 chain mail "Figept" {rN++ MR+}
rPois    +         Spirit   .   V - +1 hat
rElec    +         Reflect  .   Q - +2 cloak {MR+}
rCorr    +         Harm     .   B - +2 pair of gloves of Nihilism {*Slow rN++ Str+7}
MR       ++++.                  e - +2 pair of boots of the Devil's Team {rElec rC- Int+4 Dex+3}
Stlth    ..........             (no amulet)
HPRegen  0.35/turn              x - +3 ring of strength
MPRegen  0.15/turn              W - ring of Fackoad {+Fly MR+ rCorr}

@: gold aura
A: retaliatory headbutt, horns 2, repulsion field 1, poison resistance, strong 1
a: Potion Petition, Call Merchant, Bribe Branch, Renounce Religion, Evoke Flight


You were on level 4 of the Shoals.
You worshipped Gozag.
Gozag was most pleased with you.
You were near starving.

You visited 5 branches of the dungeon, and saw 28 of its levels.
You also visited: Bailey and Ice Cave.

You collected 11092 gold pieces.
You spent 1736 gold pieces at shops.
You paid 8001 gold pieces to Gozag.

Inventory:

Hand Weapons
 a - a +4 scimitar of flaming (weapon)
 t - the +5 short sword of Gozag {venom, rN+}
   (You found it on level 1 of the Shoals)

   It poisons the flesh of those it strikes.
   It protects you from negative energy.
 w - the +10 battleaxe of Division {venom, rC+ Int-3 SInv, unknown}
   (You found it on level 2 of the Shoals)

   It poisons the flesh of those it strikes.
   It affects your intelligence (-3).
   It protects you from cold.
   It lets you see invisible.
Armour
 b - a +0 scale mail
 c - a +2 large shield of protection (worn)
 e - the +2 pair of boots of the Devil's Team (worn) {rElec rC- Int+4 Dex+3}
   (You bought it in a shop on level 1 of the Lair of Beasts)

   It affects your intelligence (+4).
   It affects your dexterity (+3).
   It makes you vulnerable to cold.
   It insulates you from electricity.
 B - the +2 pair of gloves of Nihilism (worn) {*Slow rN++ Str+7}
   (You found it on level 11 of the Dungeon)

   It affects your strength (+7).
   It greatly protects you from negative energy.
   It may slow you when you take damage.
 F - a +1 crystal plate armour of cold resistance
 K - +1 fire dragon scales
 Q - a +2 cloak of magic resistance (worn)
 R - the +5 chain mail "Figept" (worn) {rN++ MR+}
   (You bought it in a shop on level 1 of the Lair of Beasts)

   It greatly protects you from negative energy.
   It affects your resistance to hostile enchantments.
 V - a +1 hat (worn)
Jewellery
 r - a +2 ring of slaying
 x - a +3 ring of strength (left hand)
 z - an uncursed ring of protection from fire
 E - a cursed ring of teleportation {unknown}
 W - the ring of Fackoad (right hand) {+Fly MR+ rCorr}
   (You bought it in a shop on level 1 of the Lair of Beasts)

   [ring of resist corrosion]

   It affects your resistance to hostile enchantments.
   It lets you fly.
   It provides partial protection from all sources of acid and corrosion.
Wands
 j - a wand of random effects (21)
 v - a wand of paralysis (8)
 y - a wand of enslavement (10)
 G - a wand of scattershot (5)
 J - a wand of acid (6)
 M - a wand of digging (6)
Scrolls
 g - 12 scrolls of teleportation
 h - 13 scrolls of identify
 i - 13 scrolls of remove curse
 n - a scroll of enchant weapon
 o - 5 scrolls of fog
 p - 2 scrolls of summoning
 u - 2 scrolls of fear
 I - 4 scrolls of blinking
 L - a scroll of noise
 P - 3 scrolls of amnesia
 U - 4 scrolls of magic mapping
Potions
 d - 8 potions of might
 k - 5 potions of heal wounds
 l - 2 potions of mutation
 m - 9 potions of curing
 q - 4 potions of berserk rage
 s - 2 potions of flight
 A - a potion of invisibility {unknown}
 C - 2 potions of haste
 D - 4 potions of resistance
 S - a potion of agility
Miscellaneous
 H - a fan of gales
Comestibles
 f - 19 rations


   Skills:
 + Level 14.8 Fighting
 + Level 17.5 Long Blades
   Level 3.0 Maces & Flails
 + Level 14.5 Armour
 + Level 5.6 Dodging
 + Level 2.8 Stealth
 + Level 21.9 Shields
 + Level 1.5 Evocations


You had 16 spell levels left.
You didn't know any spells.
Your spell library contained the following spells:

 Spells                   Type           Power        Failure   Level  Hunger
 Confusing Touch          Hex            #.....       85%         1    ##.....
 Freeze                   Ice            #...         85%         1    ##.....
 Magic Dart               Conj           #...         85%         1    ##.....
 Sting                    Conj/Pois      #...         85%         1    ##.....
 Summon Small Mammal      Summ           #...         85%         1    ##.....
 Blink                    Tloc           N/A          94%         2    ###....
 Call Imp                 Summ           #.......     94%         2    ###....
 Searing Ray              Conj           #.....       94%         2    ###....
 Shroud of Golubria       Chrm/Tloc      #.....       94%         2    ###....
 Throw Frost              Conj/Ice       #.....       94%         2    ###....
 Call Canine Familiar     Summ           #.......     99%         3    ####...
 Confuse                  Hex            #.......     99%         3    ####...
 Conjure Flame            Conj/Fire      #.......     99%         3    ####...
 Dazzling Spray           Conj/Hex       #.....       99%         3    ####...
 Gell's Gravitas          Tloc           #.........   99%         3    ####...
 Ignite Poison            Fire/Tmut/Pois #.......     99%         3    ####...
 Lesser Beckoning         Tloc           #.........   99%         3    ####...
 Ozocubu's Armour         Chrm/Ice       #.......     99%         3    ####...
 Summon Guardian Golem    Hex/Summ       #.......     99%         3    ####...
 Teleport Other           Tloc           #.......     99%         3    ####...
 Force Lance              Conj/Tloc      #.......     100%        4    #####..
 Fulminant Prism          Conj/Hex       #.........   100%        4    #####..
 Iskenderun's Mystic Bla  Conj           #.......     100%        4    #####..
 Passage of Golubria      Tloc           N/A          100%        4    #####..
 Petrify                  Tmut/Erth      #.......     100%        4    #####..
 Summon Ice Beast         Ice/Summ       #.......     100%        4    #####..
 Summon Lightning Spire   Summ/Air       #.......     100%        4    #####..
 Throw Icicle             Conj/Ice       #.......     100%        4    #####..
 Fireball                 Conj/Fire      #.........   100%        5    ######.
 Irradiate                Conj/Tmut      #.........   100%        5    ######.
 Lightning Bolt           Conj/Air       #.........   100%        5    ######.
 Metabolic Englaciation   Hex/Ice        #.........   100%        5    ######.
 Yara's Violent Unravell  Hex/Tmut       #.........   100%        5    ######.
 Bolt of Fire             Conj/Fire      #.........   100%        6    #######
 Ring of Flames           Chrm/Fire      #.........   100%        7    #######
 Ignition                 Fire           #.........   100%        8    #######


Dungeon Overview and Level Annotations

Branches:
Dungeon (15/15)            Temple (1/1) D:4            Lair (6/6) D:11
 Shoals (4/4) Lair:4       Spider (0/4) Lair:2        Slime (0/5) Lair:5
    Orc (2/2) D:12            Elf (0/3) Orc:2        Vaults (0/5) D:14
 Depths (0/5) D:15         Bailey (visited)           IceCv (visited)

Altars:
Ashenzari
Cheibriados
Dithmenos
Elyvilon
Fedhas
Gozag
Kikubaaqudgha
Makhleb
Nemelex Xobeh
Okawaru
Qazlal
Sif Muna
Trog
Uskayaw
Vehumet
Wu Jian
Xom
Yredelemnul
Zin
Beogh
Jiyva

Shops:
D:7 *   D:10 =*}*   Orc:1 *   Orc:2 *[%%[   Lair:1 [[*=(((   Shoals:1 *
Shoals:3 ?[**

Annotations:
D:4 1 runed translucent door, oberejnoburuli's ghost, amateur DrCj


Innate Abilities, Weirdness & Mutations

You reflexively headbutt those who attack you in melee.
You have a pair of horns on your head.
You are surrounded by a mild repulsion field. (EV +2)
Your system is resistant to poisons. (rPois)
Your muscles are strong. (Str +2)


Message History

The bolt of cold hits you!!!
You feel a terrible chill!
* * * LOW HITPOINT WARNING * * *
You slash the merfolk javelineer! You burn the merfolk javelineer.
Your headbutt misses the merfolk javelineer.
The merfolk javelineer is severely wounded.
You block the merfolk siren's attack.
The merfolk javelineer becomes distracted by the nearby gold, dreaming of imaginary riches.
The merfolk javelineer throws a javelin.
The javelin completely misses you.
The merfolk javelineer shouts!
You slice the merfolk javelineer!! You burn the merfolk javelineer.
You kill the merfolk javelineer!
You hear a shout!
The merfolk javelineer is no longer distracted by gold.
You block the merfolk javelineer's attack.
The frost giant hits you with a +2 battleaxe of freezing!!
* * * LOW HITPOINT WARNING * * *
The frost giant freezes you!
You die...
Your body crumbles into a pile of gold. ........#.≈###......≈≈≈≈ .......##### #.......≈≈≈ .....### ##.(....≈≈≈ .....# ##.[...≈≈≈ .....# #......≈≈≈ ...≈≈## ##(.....≈≈ ≈≈≈≈≈≈# # #.......≈≈ ≈P≈≈≈≈# mmC

##......≈≈ P≈≈≈≈≈#
#m.m.##@...[..≈ P≈P≈≈≈≈#
#mC$m.....≈ ≈≈≈≈≈≈≈≈#
#.m.......≈ ≈≈≈≈≈≈P..≈
...........≈≈
≈≈≈≈≈≈≈..)............≈≈
(≈≈≈≈≈≈.............m≈≈≈
#≈≈≈##≈≈ ..........≈≈≈≈≈
####### .P.....≈≈≈≈≈≈≈≈
≈≈#≈≈≈## ≈......≈≈≈≈≈≈≈≈


You could see a frost giant, a merfolk avatar, 2 merfolk javelineers and a
merfolk siren.

Vanquished Creatures
  Jorgrun (D:14)
  Rupert (D:15)
  Frances (D:14)
  Roxanne (Shoals:4)
  The ghost of opiumtea the Markscentaur, a journeyman CeHu of Dithmenos (Lair:3)
  An orc warlord (Orc:2)
  Nessos (D:14)
  A reaper (IceCv)
  11 merfolk impalers
  5 merfolk javelineers
  Josephine (D:14)
  4 ogre magi
  2 fire dragons
  A crystal guardian (D:12)
  A rakshasa (D:14)
  5 hydras
  An alligator snapping turtle (Shoals:4)
  2 vault guards (D:14)
  3 centaur warriors
  3 merfolk avatars (Shoals:3)
  2 merfolk aquamancers (Shoals:3)
  A satyr (Shoals:4)
  5 death yaks (Lair:2)
  17 two-headed ogres
  Urug (Lair:6)
  A tengu warrior (D:15)
  A fire crab (Lair:5)
  Nergalle (D:11)
  A wizard (D:15)
  8 sea snakes
  An unseen horror (D:11)
  An orange crystal statue (Shoals:3)
  Pikel (D:6)
  2 lindwurms (Lair:6)
  4 orc knights
  A necromancer (D:14)
  3 ugly things
  14 harpies
  A faun (Shoals:3)
  2 orc sorcerers (Orc:1)
  7 deep elf magi
  10 manticores
  7 elephants
  7 cyclopes
  6 black mambas
  5 centaur zombies
  A merfolk siren (Shoals:1)
  Maurice (D:8)
  6 water nymphs
  3 molten gargoyles (Lair:6)
  2 gargoyles
  2 rime drakes
  7 spiny frogs
  A kobold demonologist (D:15)
  2 naga magi (D:15)
  2 ice statues (IceCv)
  A yaktaur (D:14)
  An efreet (D:15)
  7 ice devils (IceCv)
  A tengu conjurer (D:14)
  5 trolls
  6 komodo dragons
  37 merfolk
  2 wind drakes (Shoals:4)
  6 polar bears
  3 meliai (D:13)
  Grinder (D:6)
  9 slime creatures
  7 snapping turtles
  7 dream sheep
  12 hippogriffs
  5 blink frogs (Lair:3)
  8 water elementals
  2 vampires
  A shadow (D:14)
  7 wyverns
  A centaur simulacrum (D:14)
  36 yaks
  2 fire elementals (Lair:5)
  5 wraiths
  A fire bat (Lair:5)
  20 humans (D:14)
  4 basilisks
  3 steam dragons
  2 hungry ghosts (D:10)
  Menkaure (D:6)
  3 wargs
  Duvessa (D:6)
  15 water moccasins
  6 hell hounds
  12 porcupines
  6 ice beasts
  A slave (D:6)
  4 phantoms
  47 orc warriors
  4 sky beasts
  2 wolves (D:14)
  19 ogres
  7 crocodiles
  14 centaurs
  2 big kobolds (D:12)
  A wyvern zombie (D:6)
  20 bullfrogs
  Dowan (D:6)
  A wyvern skeleton (D:14)
  5 scorpions
  7 killer bees
  5 wights
  4 howler monkeys
  5 electric eels (Lair:3)
  5 lava snakes (Lair:6)
  5 crimson imps
  2 bullfrog zombies (D:5)
  A quasit (D:8)
  6 jellies
  7 centaur skeletons
  10 hounds
  19 orc wizards
  3 bullfrog skeletons
  10 orc priests
  A gnoll shaman (D:5)
  Ijyb (D:4)
  Natasha (thrice) (D:4)
  7 iguanas
  11 worker ants
  A killer bee zombie (D:8)
  9 adders
  13 gnolls
  4 shadow imps
  5 white imps (IceCv)
  8 oozes
  8 ufetubi (IceCv)
  2 adder skeletons (D:4)
  A worm (D:2)
  8 leopard geckos
  67 orcs
  3 ball pythons
  5 bats
  7 giant cockroaches
  4 goblins
  4 hobgoblins
  8 jackals
  13 kobolds
  7 quokkas
  4 frilled lizards
  A jackal zombie (D:7)
  A quokka skeleton (D:5)
  2 rats
  2 plants
857 creatures vanquished.

Vanquished Creatures (others)
  A merfolk (Shoals:4)
  5 white imps (IceCv)
  4 ufetubi (IceCv)
  2 fungi
12 creatures vanquished.

Grand Total: 869 creatures vanquished

Notes
Turn   | Place    | Note
-------+----------+-------------------------------------------
     0 | D:1      | Peloso the Minotaur Fighter began the quest for the Orb.
     0 | D:1      | Reached XP level 1. HP: 19/19 MP: 0/0
    94 | D:1      | Reached XP level 2. HP: 25/27 MP: 1/1
   222 | D:1      | Reached skill level 4 in Shields
   235 | D:1      | Gained mutation: Your body sometimes deteriorates upon
                  | taking damage. [potion of mutation]
   235 | D:1      | Gained mutation: You are surrounded by a mild repulsion
                  | field. (EV +2) [potion of mutation]
   236 | D:1      | Lost mutation: Your body sometimes deteriorates upon taking
                  | damage. [potion of mutation]
   236 | D:1      | Gained mutation: Your system is resistant to poisons.
                  | (rPois) [potion of mutation]
   236 | D:1      | Gained mutation: Your muscles are strong. (Str +2) [potion
                  | of mutation]
   660 | D:2      | Reached XP level 3. HP: 33/33 MP: 2/2
   737 | D:2      | Noticed an angel
   738 | D:2      | Found a glowing silver altar of Zin.
   818 | D:2      | Reached XP level 4. HP: 23/40 MP: 3/3
  1396 | D:3      | Reached skill level 5 in Shields
  1396 | D:3      | Reached XP level 5. HP: 40/46 MP: 4/4
  1811 | D:4      | Found a blossoming altar of Fedhas.
  1859 | D:4      | Noticed oberejnoburuli's ghost (amateur DrCj)
  1861 | D:4      | Found a runed translucent door.
  1871 | D:4      | Noticed Ijyb
  1889 | D:4      | Killed Ijyb
  2170 | D:4      | Reached skill level 5 in Long Blades
  2235 | D:4      | Reached XP level 6. HP: 51/52 MP: 5/5
  2304 | D:4      | Found a staircase to the Ecumenical Temple.
  2316 | D:4      | Reached skill level 1 in Dodging
  2317 | D:4      | Reached skill level 5 in Armour
  2327 | Temple   | Entered the Ecumenical Temple
  2345 | Temple   | Became a worshipper of Gozag Ym Sagoz the Greedy
  2510 | D:4      | Noticed Natasha
  2513 | D:4      | Killed Natasha
  2557 | D:4      | Reached skill level 6 in Shields
  2557 | D:4      | Reached XP level 7. HP: 44/59 MP: 6/6
  2647 | D:4      | Noticed Natasha
  2651 | D:4      | Killed Natasha
  2689 | D:4      | Noticed Natasha
  2695 | D:4      | Killed Natasha
  2739 | D:5      | Entered Level 5 of the Dungeon
  3089 | D:5      | Identified the Tome of Conjuration
  3139 | D:5      | Reached XP level 8. HP: 67/67 MP: 7/7
  3143 | D:5      | Reached skill level 7 in Shields
  3357 | D:5      | Found an opulent altar of Gozag.
  3519 | D:6      | Noticed Duvessa
  3524 | D:6      | Noticed Dowan
  3541 | D:6      | Killed Duvessa
  3541 | D:6      | Reached skill level 5 in Fighting
  3549 | D:6      | Killed Dowan
  3624 | D:6      | Found a sparkling altar of Nemelex Xobeh.
  3711 | D:6      | Reached skill level 8 in Shields
  3717 | D:6      | Noticed Grinder
  3729 | D:6      | Killed Grinder
  3729 | D:6      | Reached XP level 9. HP: 54/74 MP: 8/8
  3845 | D:6      | Noticed Menkaure
  3862 | D:6      | Killed Menkaure
  4047 | D:6      | Noticed Pikel
  4068 | D:6      | Killed Pikel
  4068 | D:6      | Reached skill level 10 in Long Blades
  4068 | D:6      | Reached skill level 9 in Shields
  4541 | D:7      | Found Ruhom's Assorted Antiques.
  4865 | D:8      | Noticed a two-headed ogre
  4871 | D:8      | Killed a two-headed ogre
  4871 | D:8      | Reached XP level 10. HP: 65/84 MP: 9/9
  4936 | D:8      | Reached skill level 10 in Shields
  5030 | D:8      | Found a shattered altar of Ashenzari.
  5062 | D:8      | Found a bloodstained altar of Trog.
  5199 | D:8      | Found a shimmering blue altar of Sif Muna.
  5199 | D:8      | Found a shimmering altar of Xom.
  5204 | D:8      | Found a basalt altar of Yredelemnul.
  5349 | D:8      | Noticed Maurice
  5394 | D:8      | Killed Maurice
  5711 | D:8      | Found a white marble altar of Elyvilon.
  5810 | D:9      | Noticed a two-headed ogre
  5821 | D:9      | Killed a two-headed ogre
  5910 | D:9      | Noticed a two-headed ogre
  5922 | D:9      | Killed a two-headed ogre
  5952 | D:9      | Identified a scroll of acquirement
  6125 | D:9      | Reached skill level 11 in Shields
  6139 | D:9      | Noticed a two-headed ogre
  6150 | D:9      | Killed a two-headed ogre
  6200 | D:9      | Noticed a two-headed ogre
  6212 | D:9      | Killed a two-headed ogre
  6212 | D:9      | Reached skill level 1 in Evocations
  6212 | D:9      | Reached XP level 11. HP: 42/94 MP: 10/10
  6626 | D:10     | Entered Level 10 of the Dungeon
  6748 | D:10     | Found Nakoak's General Store.
  6785 | D:10     | Found Nypsu Uketo's Gadget Shoppe.
  6840 | D:10     | Found Pirhewk's General Store.
  6857 | D:10     | Found Corheo's Jewellery Boutique.
  7379 | D:11     | Got a pair of slimy gloves
  7385 | D:11     | Identified the +2 pair of gloves of Nihilism {*Slow rN++
                  | Str+7} (You found it on level 11 of the Dungeon)
  7394 | D:11     | Noticed a brown ugly thing
  7407 | D:11     | Killed a brown ugly thing
  7427 | D:11     | Noticed Nergalle
  7438 | D:11     | Killed an unseen horror
  7438 | D:11     | Reached skill level 12 in Shields
  7454 | D:11     | Killed Nergalle
  7454 | D:11     | Reached skill level 10 in Armour
  7501 | D:11     | Found a flagged portal.
  7516 | Bailey   | Entered a bailey
  7516 | Bailey   | Noticed an orc knight
  7517 | Bailey   | Noticed an orc knight
  7813 | Bailey   | Killed an orc knight
  8156 | Bailey   | Killed an orc knight
  8301 | Bailey   | Got a pitted arbalest
  8601 | D:11     | Found a staircase to the Lair.
  8720 | D:12     | Noticed a purple ugly thing
  8736 | D:12     | Killed a purple ugly thing
  8736 | D:12     | Reached XP level 12. HP: 95/104 MP: 11/11
  8778 | D:12     | Found a staircase to the Orcish Mines.
  9150 | D:12     | Noticed an ogre mage
  9157 | D:12     | Killed an ogre mage
  9157 | D:12     | Reached skill level 13 in Shields
  9186 | D:12     | Noticed a crystal guardian
  9191 | D:12     | Killed a crystal guardian
  9285 | D:12     | Reached skill level 10 in Fighting
  9487 | D:12     | Noticed a two-headed ogre
  9494 | D:12     | Killed a two-headed ogre
  9654 | Lair:1   | Entered Level 1 of the Lair of Beasts
  9846 | Lair:1   | Found a shattered altar of Ashenzari.
  9902 | Lair:1   | Reached skill level 14 in Shields
 10540 | Lair:1   | Bought a pair of smoking boots for 247 gold pieces
 10552 | Lair:1   | Bought a glowing large shield for 195 gold pieces
 10560 | Lair:1   | Identified the +2 pair of boots of the Devil's Team {rElec
                  | rC- Int+4 Dex+3} (You bought it in a shop on level 1 of the
                  | Lair of Beasts)
 10690 | Lair:2   | Noticed a death yak
 10690 | Lair:2   | Noticed a death yak
 10700 | Lair:2   | Noticed a death yak
 10702 | Lair:2   | Noticed a death yak
 10703 | Lair:2   | Noticed a death yak
 10706 | Lair:2   | Killed a death yak
 10729 | Lair:2   | Killed a death yak
 10737 | Lair:2   | Killed a death yak
 10751 | Lair:2   | Killed a death yak
 10759 | Lair:2   | Killed a death yak
 10759 | Lair:2   | Reached skill level 15 in Long Blades
 10759 | Lair:2   | Reached XP level 13. HP: 27/116 MP: 12/12
 11745 | Lair:2   | Found a hole to the Spider Nest.
 12988 | D:13     | Reached skill level 15 in Shields
 13275 | D:13     | Noticed a fire dragon
 13288 | D:13     | Killed a fire dragon
 13764 | D:14     | Found a frozen archway.
 13831 | IceCv    | Entered an ice cave
 14626 | IceCv    | Noticed a reaper
 14639 | IceCv    | Killed a reaper
 14667 | IceCv    | Got an encrusted demon trident
 14668 | IceCv    | Identified the +11 demon trident of Rorgh {pain, *Drain rN+
                  | Int+2 Dex+9} (You found it in an ice cave)
 15078 | D:14     | Reached skill level 16 in Shields
 15084 | D:14     | Noticed Jorgrun
 15108 | D:14     | Killed Jorgrun
 15521 | D:14     | Reached XP level 14. HP: 112/126 MP: 14/14
 15864 | D:14     | Got a translucent rapier
 15865 | D:14     | Identified the +2 rapier of Yhuloiku {drain, +Inv rC+ rN++
                  | Str-3} (You found it on level 14 of the Dungeon)
 15929 | D:14     | Reached skill level 1 in Stealth
 15952 | D:14     | Found a gate to the Vaults.
 16167 | D:14     | Noticed Frances
 16179 | D:14     | Killed Frances
 16179 | D:14     | Reached skill level 17 in Shields
 16317 | D:14     | Noticed Josephine
 16329 | D:14     | Killed Josephine
 16412 | D:14     | Found a shadowy altar of Dithmenos.
 16499 | D:14     | Noticed Nessos
 16529 | D:14     | Killed Nessos
 16921 | Lair:3   | Found a large runed translucent door.
 16921 | Lair:3   | Found a large runed translucent door.
 17679 | Lair:3   | Noticed opiumtea's ghost (journeyman CeHu)
 18343 | Lair:4   | Reached skill level 18 in Shields
 18591 | Lair:4   | Found a staircase to the Shoals.
 18771 | Lair:5   | Got a pair of dazzling boots
 18782 | Lair:5   | Identified the cursed -6 pair of boots "Xaoxkox" {rPois rN+
                  | Str+3 Stlth+} (You found it on level 5 of the Lair of
                  | Beasts)
 18836 | Lair:5   | Found a staircase to the Slime Pits.
 18836 | Lair:5   | Found a viscous altar of Jiyva.
 18872 | Lair:5   | You fall into a shaft and drop 1 floor!
 18872 | Lair:6   | Entered Level 6 of the Lair of Beasts
 18982 | Lair:5   | Found a transporter.
 19285 | Lair:5   | Found a transporter.
 19991 | Lair:6   | Reached skill level 1 in Maces & Flails
 19991 | Lair:6   | Reached XP level 15. HP: 68/135 MP: 15/15
 20046 | Lair:6   | Found a large runed translucent door.
 20047 | Lair:6   | Found a large runed translucent door.
 20644 | Lair:6   | Noticed Urug
 20666 | Lair:6   | Killed Urug
 21806 | Lair:1   | Bought a warped chain mail for 256 gold pieces
 21821 | Lair:1   | Identified the +5 chain mail "Figept" {rN++ MR+} (You
                  | bought it in a shop on level 1 of the Lair of Beasts)
 21964 | D:15     | Entered Level 15 of the Dungeon
 22261 | D:15     | Reached skill level 19 in Shields
 22785 | D:15     | Found a staircase to the Depths.
 22937 | D:15     | Noticed Rupert
 22960 | D:15     | Killed Rupert
 23638 | Orc:1    | Entered Level 1 of the Orcish Mines
 23748 | Orc:1    | Found Tugadiv's General Store.
 23884 | Orc:2    | Entered Level 2 of the Orcish Mines
 24380 | Orc:2    | Found Xaewnumippi's Armour Shoppe.
 24380 | Orc:2    | Found Zileshaffa's Food Boutique.
 24382 | Orc:2    | Found Sownan's Food Shop.
 24384 | Orc:2    | Found Varhen's Assorted Antiques.
 24702 | Orc:2    | Found a staircase to the Elven Halls.
 24726 | Orc:2    | Found Kushror's Antique Armour Boutique.
 24772 | Orc:2    | Bought an embroidered hat for 168 gold pieces
 24947 | Orc:2    | Reached skill level 20 in Shields
 25190 | Orc:1    | Found a roughly hewn altar of Beogh.
 25190 | Orc:1    | Noticed an orc warlord
 25253 | Orc:2    | Killed an orc warlord
 25589 | Lair:1   | Bought the ring of Fackoad {+Fly MR+ rCorr} for 485 gold
                  | pieces
 25909 | Lair:3   | Killed opiumtea's ghost
 26854 | Shoals:1 | Entered Level 1 of the Shoals
 26958 | Shoals:1 | Found Aakilum's Alliterative Accessories.
 27145 | Shoals:1 | Got a twisted short sword
 27146 | Shoals:1 | Identified the +5 short sword of Gozag {venom, rN+} (You
                  | found it on level 1 of the Shoals)
 27224 | Shoals:1 | Reached XP level 16. HP: 146/146 MP: 16/16
 27733 | Shoals:2 | Got a fine battleaxe
 28777 | Shoals:3 | Found Coetukh's General Store.
 29012 | Shoals:3 | Found Tuicuc's Food Shop.
 29051 | Shoals:3 | Bought a ration for 55 gold pieces
 29051 | Shoals:3 | Bought a ration for 55 gold pieces
 29051 | Shoals:3 | Bought a ration for 55 gold pieces
 29051 | Shoals:3 | Bought a ration for 55 gold pieces
 29051 | Shoals:3 | Bought a ration for 55 gold pieces
 29051 | Shoals:3 | Bought a ration for 55 gold pieces
 29051 | Shoals:3 | Bought a ration for 55 gold pieces
 29706 | Shoals:3 | Found Qoof's Assorted Antiques.
 29745 | Shoals:3 | Found Gebam's Magic Scroll Shoppe.
 29809 | Shoals:3 | Reached skill level 21 in Shields
 29892 | Shoals:3 | Got a crude buckler
 29903 | Shoals:3 | Identified the cursed -2 buckler "Yrroemn" {*Corrode MP+9
                  | Int+4 Slay+4} (You found it on level 3 of the Shoals)
 30025 | Shoals:3 | Found Esugyl's Antique Armour Boutique.
 30208 | Shoals:4 | Entered Level 4 of the Shoals
 30230 | Shoals:4 | Reached skill level 5 in Dodging
 30328 | Shoals:4 | Identified Roxanne's Reference Book on Changing
 30328 | Shoals:4 | Noticed Roxanne
 32457 | Shoals:4 | Killed Roxanne
 33877 | Shoals:4 | Reached XP level 17. HP: 59/154 MP: 17/17
 34260 | Shoals:4 | HP: 4/154 [frost giant/+2 battleaxe of freezing (25)]
 34260 | Shoals:4 | Mangled by a frost giant

Levels and vault maps discovered:
D:1:      dpeg_arrival_castle, layout_loops_ring
D:2:      layout_rooms, zin_angel
D:3:      layout_loops_ring
D:4:      layout_loops_ring, nicolae_overflow_crystal_walls,
          minmay_temple_entry_overgrown, first_ration,
          hellmonk_ghost_happy_afterlife, uniq_ijyb, uniq_natasha
D:5:      layout_basic, grunt_gozag_breadcrumbs
D:6:      layout_rooms, nemelex_xobeh_ov_fountains_minmay, uniq_grinder,
          uniq_menkaure, uniq_duvessa, uniq_pikel
D:7:      layout_basic, serial_shops, shop_fountains
D:8:      layout_gridville, kennysheep_mini_moat, minitemple, elyvilon_altar_4,
          hangedman_little_slice_of_home, uniq_maurice
D:9:      layout_long_grid
D:10:     layout_irregular_city, serial_shops, shop_coins, shop, shop,
          kennysheep_mini
D:11:     layout_basic, lair_entry_dummy, enter_bailey_2, serial_bayou_pond_e,
          minmay_starry_boxes, uniq_nergalle
D:12:     layout_small_grid, david_orc_3, minivault_19, evilmike_minifort
D:13:     layout_long_grid, grunt_decor_one_mirror
D:14:     layout_loops_corners, grunt_vaults_entry_tiered,
          portal_ice_cave_entry_animals_and_master, hangedman_decor_growths,
          kennysheep_decorative_pillar, minmay_fountain_box,
          grunt_dithmenos_shadows, uniq_nessos, uniq_josephine, uniq_jorgrun,
          uniq_frances
D:15:     grunt_enter_depths_magical_seal, layout_layer_cave,
          serial_bayou_pond_c, uniq_rupert
Temple:   nicolae_temple_god_jail
Lair:1:   layout_hall_layers, basic_altar, grunt_megastairs_2,
          lemuel_fruit_fields
Lair:2:   layout_regular_city, spider_nest_entry_web_field
Lair:3:   layout_gridlike, ebering_ghost_disaster_area, serial_bayou_shore_a,
          serial_bayou_shore_b, wad_woods_river_01
Lair:4:   layout_cave_pods, minmay_shoals_entry_hut, grunt_megastairs_4,
          infiniplex_staircase_pool_2
Lair:5:   gammafunk_cloud_chamber, layout_misc_corridors, slime_altar_1,
          serial_bayou_shore_b
Lair:6:   cheibrodos_lair_end_hotspot, layout_big_grid, uniq_urug
Shoals:1: layout_shoals, nicolae_alphabet_shops
Shoals:2: layout_shoals
Shoals:3: layout_shoals, serial_shops, nicolae_shop_overgrown_old_shop,
          nicolae_shop_stone, shop, shop_statue, shop, dpeg_stationary_puzzle
Shoals:4: shoals_end_grunt_ice, layout_shoals, nicolae_shoals_mertower,
          uniq_roxanne
Orc:1:    layout_diamond_mine, basic_altar, serial_shops,
          nicolae_shop_window_shopping
Orc:2:    st_orc_rangers, layout_caves, serial_shops, shop, mines4_lemuel

Skill      XL: |  1  2  3  4  5  6  7  8  9 10 11 12 13 14 15 16 |
---------------+-------------------------------------------------+-----
Armour         | 4 5 7 8 9 10 11 12 13 14 | 14.5
Shields        | 4 5 6 8 9 11 12 14 16 18 20 21 | 21.9
Fighting       | 4 5 6 8 9 11 12 13 14 | 14.8
Long Blades    | 3 4 5 7 8 10 12 13 15 16 17 | 17.5
Dodging        | 2 3 4 5 |  5.6
Evocations     | 1 |  1.5
Stealth        | 1 2 |  2.8
Maces & Flails | 1 3 |  3.0

Action                   |  1- 3 |  4- 6 |  7- 9 | 10-12 | 13-15 | 16-18 || total
-------------------------+-------+-------+-------+-------+-------+-------++-------
Melee: Long sword        |    73 |   128 |   271 |   616 |  1229 |       ||  2317
       Headbutt          |    12 |    29 |    67 |   204 |   617 |   225 ||  1154
       Whip              |       |       |       |       |    33 |       ||    33
       Scimitar          |       |       |       |       |   374 |   726 ||  1100
Invok: Call Merchant     |       |       |       |     3 |     4 |       ||     7
Evoke: Wand              |       |       |       |     7 |       |       ||     7
  Use: Potion            |     4 |     1 |       |     4 |     3 |     1 ||    13
       Scroll            |       |     9 |       |    14 |    10 |     7 ||    40
 Stab: Distracted        |       |       |       |     2 |     7 |     3 ||    12
  Eat: Chunk             |       |     5 |       |       |       |       ||     5
       Ration            |       |       |     2 |     7 |    15 |     7 ||    31
Armor: Scale mail        |    39 |    35 |    24 |       |       |       ||    98
       Chain mail        |       |       |    33 |       |    96 |   312 ||   441
       Crystal plate arm |       |       |    28 |   199 |   451 |       ||   678
Dodge: Dodged            |    37 |    52 |    59 |   108 |   270 |   285 ||   811
Block: Shield            |    41 |    82 |   169 |   365 |       |       ||   657
       Large shield      |       |       |       |    28 |  1989 |  1114 ||  3131
       Rpst.: Long sword |    10 |    13 |    13 |    34 |    35 |       ||   105
       Scimitar          |       |       |       |       |    12 |    35 ||    47

Table legend:
 A = Non-vault XP
 B = Vault XP
 C = Vault XP percentage of total XP
 D = Non-vault monster count
 E = Vault monster count
 F = Vault count percentage of total count
                 A         B        C        D         E       F
            +---------+---------+-------+---------+---------+-------
      Total |  134850 |   84590 |  38.5 |     605 |     249 |  29.2
            +---------+---------+-------+---------+---------+-------
        D:1 |      40 |       0 |   0.0 |      21 |       0 |   0.0
        D:2 |     100 |       0 |   0.0 |      22 |       0 |   0.0
        D:3 |     124 |       0 |   0.0 |      13 |       0 |   0.0
        D:4 |     497 |      71 |  12.5 |      24 |       2 |   7.7
        D:5 |     775 |       0 |   0.0 |      22 |       0 |   0.0
        D:6 |    1277 |    1329 |  51.0 |      25 |       5 |  16.7
        D:7 |     783 |       0 |   0.0 |      25 |       0 |   0.0
        D:8 |    1612 |     618 |  27.7 |      13 |       9 |  40.9
        D:9 |    4357 |       0 |   0.0 |      17 |       0 |   0.0
       D:10 |    1563 |       0 |   0.0 |      17 |       0 |   0.0
       D:11 |    4428 |     873 |  16.5 |      19 |       4 |  17.4
       D:12 |    3161 |    5201 |  62.2 |      28 |      23 |  45.1
       D:13 |   11846 |       0 |   0.0 |      41 |       0 |   0.0
       D:14 |    9489 |   17329 |  64.6 |      23 |      41 |  64.1
       D:15 |    9505 |   10604 |  52.7 |      17 |      12 |  41.4
     Lair:1 |    3675 |     317 |   7.9 |      20 |       2 |   9.1
     Lair:2 |    6462 |       0 |   0.0 |      15 |       0 |   0.0
     Lair:3 |    2578 |    3193 |  55.3 |      16 |       5 |  23.8
     Lair:4 |    6549 |    1144 |  14.9 |      28 |       5 |  15.2
     Lair:5 |    1861 |    1702 |  47.8 |      10 |       6 |  37.5
     Lair:6 |    6266 |   11329 |  64.4 |      18 |      30 |  62.5
   Shoals:1 |    2359 |       0 |   0.0 |       5 |       0 |   0.0
   Shoals:2 |   10119 |       0 |   0.0 |      21 |       0 |   0.0
   Shoals:3 |   20944 |     700 |   3.2 |      42 |       1 |   2.3
   Shoals:4 |   16933 |   16217 |  48.9 |      36 |      20 |  35.7
      Orc:1 |    2587 |     781 |  23.2 |      19 |       3 |  13.6
      Orc:2 |    4960 |    5834 |  54.0 |      48 |      42 |  46.7
     Bailey |       0 |    2697 | 100.0 |       0 |      16 | 100.0
      IceCv |       0 |    4651 | 100.0 |       0 |      23 | 100.0
            +---------+---------+-------+---------+---------+-------
